 Dungeon Crawl Stone Soup version bcrawl-1.24 (webtiles) character file.

Game seed: 11699783434636919216

1661 Freyura the Cudgeler (level 9, -1/55 HPs)
             Began as a Gargoyle Monk on June 12, 2020.
             Was a Priest of Ashenzari.
             Killed by divine providence
             ... invoked by an orc priest
              (8 damage)
             ... on level 7 of the Dungeon.
             The game lasted 00:20:21 (4485 turns).

Freyura the Cudgeler (Gargoyle Monk)                Turns: 4485, Time: 00:20:21

Health: -1/55      AC: 18    Str: 16    XL:     9   Next: 0%
Magic:  0/10       EV: 15    Int: 10    God:    Ashenzari [***...]
Gold:   218        SH:  6    Dex: 15    Spells: 8/8 levels left

rFire    + . .     SeeInvis +   a - +1 mace (curse)
rCold    . . .     Gourm    .   s - +0 buckler (curse)
rNeg     + . .     Faith    .   n - +1 leather armour {rPois} (curse)
rPois    ∞         Spirit   +   x - +1 helmet (curse)
rElec    +         Reflect  .   g - +0 cloak (curse)
rCorr    .         Harm     .   b - +0 pair of gloves (curse)
MR       .....                  u - +2 pair of boots (curse)
Stlth    +++.......             d - amulet of guardian spirit (curse)
HPRegen  0.18/turn              q - ring of protection from fire (curse)
MPRegen  0.12/turn              (no ring)

@: no status effects
A: negative energy resistance 1, electricity resistance, unbreathing,
petrification resistance, rot immunity, AC +6
a: Curse Item, Scrying, Renounce Religion


You were on level 7 of the Dungeon.
You worshipped Ashenzari.
Ashenzari was most pleased with you.
You were not hungry.

You visited 2 branches of the dungeon, and saw 8 of its levels.

You collected 367 gold pieces.
You spent 149 gold pieces at shops.

Inventory:

Hand Weapons
 a - a cursed +1 mace (weapon)
Armour
 b - a cursed +0 pair of gloves (worn)
 g - a cursed +0 cloak (worn)
 n - a cursed +1 leather armour of poison resistance (worn)
 s - a cursed +0 buckler (worn)
 u - a cursed +2 pair of boots (worn)
 x - a cursed +1 helmet (worn)
Jewellery
 d - a cursed amulet of guardian spirit (around neck)
 q - a cursed ring of protection from fire (left hand)
Wands
 v - a wand of flame (29)
Scrolls
 f - 3 scrolls of remove curse
 j - a scroll of teleportation
 m - a scroll of immolation
 p - a scroll of blinking
 w - a scroll of amnesia
Potions
 i - 4 potions of heal wounds
 k - a potion of resistance
 l - 3 potions of flight
 o - a potion of mutation {unknown}
 r - 2 potions of brilliance
 t - 2 potions of berserk rage
Comestibles
 e - 13 rations {!d}


   Skills:
 + Level 5.9 Fighting
 * Level 7.2(10.2) Maces & Flails
 + Level 4.6 Armour
 + Level 4.5(7.3) Dodging
 - Level 2.4(4.7) Stealth
 + Level 3.2(4.9) Shields
   Level 2.1 Invocations
 + Level 2.1(3.6) Evocations


You had 8 spell levels left.
You didn't know any spells.
Your spell library was empty.

Dungeon Overview and Level Annotations

Branches:
Dungeon (7/12)             Temple (1/1) D:6
   Lair: D:7-9

Altars:
Ashenzari
Cheibriados
Dithmenos
Elyvilon
Fedhas
Gozag
Hepliaklqana
Kikubaaqudgha
Makhleb
Nemelex Xobeh
Okawaru
Ru
Sif Muna
Trog
Vehumet
Wu Jian
Xom
Yredelemnul
Zin
The Shining One

Shops:
D:5 [   D:6 !(%!*

Annotations:
D:5 3 runed translucent doors, tidbits's ghost, novice OnTm


Innate Abilities, Weirdness & Mutations

You are resistant to torment.
Your stone body is resilient. (AC +6)
You are immune to poison.
You resist negative energy. (rN+)
You are resistant to electric shocks. (rElec)
You can survive without breathing.
You are immune to petrification.
You are immune to rotting.


Message History

The orc priest calls down the wrath of Beogh upon you.
Beogh smites you!
* * * LOW HITPOINT WARNING * * *
You block the orc's attack.
You hit the orc wizard.
The orc wizard is lightly wounded.
You block the orc's attack. The orc hits you but does no damage.
The orc wizard barely misses you.
You barely miss the orc priest. The orc priest misses you.
The orc barely misses you. The orc hits you with a +0 short sword.
* * * LOW HITPOINT WARNING * * *
The orc wizard gestures wildly while chanting.
The orc wizard blinks!
You sock the orc priest!
The orc priest is almost dead.
The centaur shoots an arrow.
The arrow hits you.
* * * LOW HITPOINT WARNING * * *
The orc priest mumbles some strange prayers to Beogh against you.
Beogh smites you!
You die...

,, * ** , , , ,
#....... #......,** ,
#...... , .####*
#####...... * ,
.....#####...##.....#*
, #.....oo#.....#.....#
, **#.c§@...⌠..#.>...##
* ,,
####o).........#..###
##.o..............
##...#.......##### *
##########....#####..##
*, , ...^..........#
##..# *..####.####..#
#..##
##.....##.#####.##
#.......#.###..##


You could see a centaur, an orc priest, an orc wizard and 2 orcs.

Vanquished Creatures
  2 hippogriffs (D:6)
  An ice beast (D:6)
  A necrophage (D:6)
  A phantom (D:5)
  An ogre (D:4)
  A centaur (D:6)
  A bullfrog (D:7)
  A big kobold (D:5)
  A water moccasin skeleton (D:4)
  A howler monkey (D:6)
  3 crimson imps
  3 orc priests
  2 hounds
  4 worker ants
  2 hound skeletons
  10 adders
  2 shadow imps
  An ooze (D:3)
  2 worms
  5 dart slugs
  5 leopard geckos
  20 orcs
  A ball python (D:2)
  6 bats
  3 giant cockroaches
  8 goblins
  7 hobgoblins
  15 jackals
  3 quokkas
  A frilled lizard (D:3)
  14 kobolds
  13 rats
141 creatures vanquished.

Vanquished Creatures (others)
  An orc (D:7)
1 creature vanquished.

Grand Total: 142 creatures vanquished

Notes
Turn   | Place    | Note
-------+----------+-------------------------------------------
     0 | D:1      | Freyura the Gargoyle Monk began the quest for the Orb.
     0 | D:1      | Reached XP level 1. HP: 14/14 MP: 2/2
   140 | D:1      | Reached XP level 2. HP: 11/19 MP: 1/3
   283 | D:1      | Reached skill level 1 in Armour
   397 | D:1      | Reached XP level 3. HP: 23/23 MP: 4/4
   830 | D:2      | Reached XP level 4. HP: 24/29 MP: 3/5
   949 | D:2      | Found a white marble altar of Elyvilon.
  1013 | D:2      | Found a blossoming altar of Fedhas.
  1058 | D:2      | Reached skill level 4 in Maces & Flails
  1203 | D:2      | Found an ornate altar of the Wu Jian Council.
  1570 | D:3      | Found a shattered altar of Ashenzari.
  1577 | D:3      | Became a worshipper of Ashenzari the Shackled
  1577 | D:3      | Reached * piety under Ashenzari
  1577 | D:3      | Reached ** piety under Ashenzari
  1674 | D:3      | Reached XP level 5. HP: 29/33 MP: 4/6
  2064 | D:3      | Found a glowing golden altar of the Shining One.
  2067 | D:3      | Noticed an angel
  2080 | D:3      | Found a basalt altar of Yredelemnul.
  2196 | D:4      | Noticed an ogre
  2208 | D:4      | Killed an ogre
  2208 | D:4      | Reached XP level 6. HP: 39/39 MP: 5/7
  2402 | D:4      | Reached skill level 5 in Maces & Flails
  2648 | D:4      | Reached XP level 7. HP: 29/44 MP: 6/8
  2729 | D:4      | Reached *** piety under Ashenzari
  2891 | D:4      | Found a burning altar of Makhleb.
  2981 | D:5      | Entered Level 5 of the Dungeon
  3052 | D:5      | Found Beshraups's Armour Emporium.
  3074 | D:5      | Bought a +1 pair of boots for 149 gold pieces
  3095 | D:5      | Found a runed translucent gate.
  3095 | D:5      | Found a runed translucent gate.
  3095 | D:5      | Found a runed translucent gate.
  3117 | D:5      | Found a snail-covered altar of Cheibriados.
  3207 | D:5      | Reached skill level 1 in Shields
  3226 | D:5      | Reached skill level 5 in Fighting
  3579 | D:5      | Noticed tidbits's ghost (novice OnTm)
  3646 | D:6      | Reached skill level 6 in Maces & Flails
  3796 | D:6      | Reached XP level 8. HP: 45/49 MP: 6/9
  3842 | D:6      | Found Azicory's Distillery.
  3859 | D:6      | Found Giup's Food Emporium.
  3863 | D:6      | Noticed a hippogriff
  3872 | D:6      | Noticed a hippogriff
  3882 | D:6      | Killed a hippogriff
  3882 | D:6      | Reached skill level 1 in Evocations
  3888 | D:6      | Killed a hippogriff
  3919 | D:6      | Reached skill level 7 in Maces & Flails
  3927 | D:6      | Found a staircase to the Ecumenical Temple.
  4025 | D:6      | Found Xareod Xyt's Antique Weapon Shop.
  4036 | Temple   | Entered the Ecumenical Temple
  4185 | D:6      | Identified the +3 trident "Kaur" {venom, rPois rF+++ MR-
                  | Int-4}
  4253 | D:6      | Found Qeitaask's General Store.
  4301 | D:6      | Found Adimuovu's Distillery.
  4302 | D:6      | Reached **** piety under Ashenzari
  4446 | D:7      | Found an iron altar of Okawaru.
  4482 | D:7      | Reached XP level 9. HP: 21/55 MP: 6/10
  4485 | D:7      | Killed from afar by an orc priest

Skill      XL: |  1  2  3  4  5  6  7  8 |
---------------+-------------------------+-----
Armour         | 1 2 3 4 |  4.6
Maces & Flails | 4 5 6 7 |  7.2
Dodging        | 3 4 |  4.5
Fighting       | 4 5 |  5.9
Shields        | 1 3 |  3.2
Evocations     | 2 |  2.1
Stealth        | |  2.4
Invocations    | |  2.1

Action                   |  1- 3 |  4- 6 |  7- 9 || total
-------------------------+-------+-------+-------++-------
Melee: Mace              |    87 |   221 |   268 ||   576
Invok: Curse Item        |       |     5 |     5 ||    10
  Use: Scroll            |       |     7 |    11 ||    18
       Potion            |       |       |     2 ||     2
 Stab: Sleeping          |     4 |     8 |     4 ||    16
  Eat: Chunk             |       |     6 |     6 ||    12
Armor: Robe              |    32 |       |       ||    32
       Leather armour    |       |    78 |   133 ||   211
Dodge: Dodged            |    61 |   140 |   254 ||   455
Block: Buckler           |       |       |   113 ||   113
